 Dungeon Crawl Stone Soup version 0.26.1-10-gdfb7c7de75 (webtiles) character file.

Game seed: 7877173097036734887

46 DearestLeader the Chiller (level 3, 0/24 HPs)
             Began as a Merfolk Ice Elementalist on Apr 7, 2021.
             Slain by a giant cockroach (2 damage)
             ... on level 2 of the Dungeon.
             The game lasted 00:02:58 (1875 turns).

DearestLeader the Chiller (MfIE)                    Turns: 1875, Time: 00:02:59

Health: 0/24       AC:  2    Str:  6 (8)  XL:     3   Next: 66%
Magic:  3/6        EV: 13    Int: 14 (15) God:
Gold:   59         SH:  0    Dex: 12 (14) Spells: 2/6 levels left

rFire    . . .     SeeInvis .   k - +2 short sword (speed)
rCold    . . .     Faith    .   (no shield)
rNeg     . . .     Spirit   .   a - +0 robe
rPois    .         Reflect  .   (no helmet)
rElec    .         Harm     .   (no cloak)
rCorr    .         Rampage  .   (no gloves)
Will     .....                  (no boots)
Stlth    ++........             (no amulet)
HPRegen  0.08/turn              (no ring)
MPRegen  0.10/turn              (no ring)

@: frozen ramparts
A: change form in water, swift swim, stealthy swim
a: no special abilities


You were on level 2 of the Dungeon.
You visited 1 branch of the dungeon, and saw 2 of its levels.

You collected 59 gold pieces.

Inventory:

Hand Weapons
 d - a +0 dagger
 e - a +0 spear
 k - a +2 short sword of speed (weapon)
Missiles
 f - 34 sling bullets
 g - 104 stones
Armour
 a - a +0 robe (worn)
Jewellery
 i - an uncursed ring of protection from fire {unknown}
Scrolls
 b - a scroll of remove curse {unknown}
 c - 5 scrolls of identify {unknown}
 l - a scroll of teleportation {unknown}
Potions
 j - a potion of magic {unknown}
 m - a potion of lignification {unknown}


   Skills:
 + Level 1.9 Polearms
 - Level 2.6 Dodging
 - Level 2.1 Stealth
 - Level 2.0 Spellcasting
 * Level 5.5 Ice Magic


You had 2 spell levels left.
You knew the following spells:

 Your Spells              Type           Power        Failure   Level
a - Freeze                Ice            64%          2%          1
b - Frozen Ramparts       Ice            32%          8%          3

Your spell library contained the following spells:

 Spells                   Type           Power        Failure   Level
 Ozocubu's Armour         Ice            16%          8%          3
 Hailstorm                Conj/Ice       9%           58%         4
 Summon Ice Beast         Ice/Summ       9%           58%         4


Dungeon Overview and Level Annotations

Branches:
Dungeon (2/15)

Altars:


Message History

You hit the jackal but do no damage.
The jackal is severely wounded.
The giant cockroach barely misses you.
The wall freezes the jackal.
You kill the jackal!
The wall freezes the worm!
The wall freezes the jackal.
You kill the jackal!
The wall freezes the jackal.
You hit the jackal but do no damage.
The jackal is almost dead.
The giant cockroach bites you but does no damage.
The wall freezes the jackal.
You kill the jackal!
Unknown command.
Unknown command.
Okay, then.
It was a potion of degeneration.
There was something very wrong with that liquid.
You feel weakened.
You feel dopey.
You feel clumsy. The giant cockroach bites you.
You die...

+....<...+
#........#
#........#
#........#
#........#
#........#
+K....$..#
#.B......#
#@†w.....#
#########


You could see a worm, a giant cockroach and a kobold.

Vanquished Creatures
  3 dart slugs (D:1)
  A leopard gecko (D:1)
  A giant cockroach (D:1)
  2 goblins (D:1)
  A hobgoblin (D:1)
  11 jackals
  5 bats (D:1)
  A frilled lizard (D:1)
  8 kobolds (D:1)
  3 rats (D:1)
36 creatures vanquished.

Notes
Turn   | Place    | Note
-------+----------+-------------------------------------------
     0 | D:1      | DearestLeader the Merfolk Ice Elementalist began the quest
                  | for the Orb.
     0 | D:1      | Reached XP level 1. HP: 13/13 MP: 3/3
   367 | D:1      | Reached XP level 2. HP: 2/19 MP: 0/5
   764 | D:1      | Reached skill level 5 in Ice Magic
  1074 | D:1      | Reached skill level 1 in Polearms
  1316 | D:1      | Reached XP level 3. HP: 24/24 MP: 6/6
  1514 | D:1      | Learned a level 3 spell: Frozen Ramparts
  1875 | D:2      | Slain by a giant cockroach

Illustrated notes

Levels and vault maps discovered:
D:1:      kennysheep_arrival_forest, layout_basic
D:2:      layout_basic, uniq_terence

Skill      XL: |  1  2 |
---------------+-------+-----
Ice Magic      | 5 |  5.5
Polearms       | 1 |  1.9
Dodging        | |  2.6
Stealth        | |  2.1
Spellcasting   | |  2.0

Action                   || total
-------------------------++-------
Melee: Unarmed           ||     8
       Dagger            ||     2
       Spear             ||    30
       Short sword       ||    50
 Cast: Freeze            ||    20
       Frozen Ramparts   ||     1
  Use: Potion            ||     1
 Stab: Sleeping          ||     3
Armor: Robe              ||    19
Dodge: Dodged            ||    79
